[Event "Titled Tuesday Blitz August 08 Early 2023"]
[White "Dishman, Stephen"]
[Black "Jodorcovsky Werjivker, Paulo"]
[WhiteFideId "403024"]
[BlackFideId "3700305"]
[WhiteElo "2397"]
[BlackElo "2203"]
[Result "1/2-1/2"]
[Round "11"]
[TimeControl "180+1"]
[Date "2023.08.08"]
[WhiteClock "0:00:03"]
[BlackClock "0:00:11"]
[Board "131"]

1. c4 e6 2. Nf3 d5 3. d4 Nf6 4. g3 dxc4 5. Bg2 c5 6. O-O Nc6 7. dxc5 Qxd1 8. Rxd1 Bxc5 9. Nbd2 c3 10. bxc3 O-O 11. Nb3 Be7 12. Nfd4 Bd7 13. c4 Rfd8 14. Nb5 Be8 15. Bf4 e5 16. Bg5 a6 17. Nc7 Rac8 18. Nxe8 Rxe8 19. Bxf6 Bxf6 20. Nc5 Nd4 21. Nxb7 Rc7 22. e3 Nc6 23. Nd6 Rf8 24. Rab1 Na5 25. Bd5 Be7 26. Nf5 Rfc8 27. Nxe7+ Rxe7 28. Rb6 g6 29. Rxa6 Nxc4 30. Rc1 Rec7 31. Bxc4 Rxc4 32. Rxc4 Rxc4 33. Kg2 Rc1 34. Kf3 h5 35. h4 Ra1 36. Ke4 Rf1 37. f4 exf4 38. gxf4 Rh1 39. Ke5 Kg7 40. e4 Rxh4 41. a4 Rh1 42. a5 Ra1 43. Ra7 h4 44. Rb7 Rxa5+ 45. Kd4 Ra4+ 46. Ke3 Ra3+ 47. Kf2 Ra4 48. Kf3 Ra1 49. Rb2 Rf1+ 50. Kg4 Re1 51. Kxh4 Rxe4 52. Kg4 Re1 53. Rb6 Rg1+ 54. Kf3 Rf1+ 55. Kg3 Rd1 56. Kf3 Rd5 57. Kg4 Rd4 58. Kf3 Ra4 59. Ke3 Ra3+ 60. Ke4 Ra4+ 61. Kf3 Kh6 62. Rb5 f5 63. Rb8 Ra3+ 64. Kg2 Kh5 65. Rg8 Kg4 66. Rxg6+ Kxf4 67. Rb6 Ra2+ 68. Kf1 Kg3 69. Rb3+ Kf4 70. Rb4+ Ke3 71. Rb3+ Ke4 72. Rb4+ Kf3 73. Rb3+ Kg4 74. Rb8 Kg3 75. Rb3+ Kf4 76. Rb4+ Kg5 77. Rb3 Rc2 78. Rb4 Ra2 79. Rb3 Ra4 80. Rc3 Ra2 81. Rb3 1/2-1/2


[Site "https://www.chess.com"]

[Event "Titled Tuesday Blitz August 08 Early 2023"]
[White "Qiao, Cindy"]
[Black "cycygogne"]
[WhiteFideId "2620243"]
[WhiteElo "2393"]
[BlackElo "2195"]
[Result "1-0"]
[Round "11"]
[TimeControl "180+1"]
[Date "2023.08.08"]
[WhiteClock "0:00:28"]
[BlackClock "0:00:17"]
[Board "132"]

1. d4 Nf6 2. Bf4 c5 3. e3 d5 4. Nf3 Nc6 5. Nbd2 e6 6. c3 cxd4 7. exd4 Nh5 8. Bg5 f6 9. Bh4 g5 10. Nxg5 Ng7 11. Ngf3 Bd6 12. Bd3 O-O 13. Bg3 e5 14. dxe5 fxe5 15. Be2 e4 16. Nd4 Nxd4 17. cxd4 Bxg3 18. hxg3 Qf6 19. O-O Nf5 20. Nb3 Qh6 21. Qc1 e3 22. g4 Nxd4 23. Nxd4 Bxg4 24. Bxg4 Rxf2 25. Rxf2 exf2+ 26. Kxf2 Qh4+ 27. Kg1 Qxg4 28. Qe3 Kh8 29. Qe5+ 1-0


[Site "https://www.chess.com"]

[Event "Titled Tuesday Blitz August 08 Early 2023"]
[White "Avazkhonov, Alikhon"]
[Black "Araujo Filho, Luiz Antonio Coel"]
[WhiteFideId "14208504"]
[BlackFideId "2130661"]
[WhiteElo "2392"]
[BlackElo "2203"]
[Result "0-1"]
[Round "11"]
[TimeControl "180+1"]
[Date "2023.08.08"]
[WhiteClock "0:01:48"]
[BlackClock "0:01:11"]
[Board "133"]

1. d4 f5 2. g3 Nf6 3. Bg2 g6 4. Nf3 Bg7 5. O-O O-O 6. c4 d6 7. Nc3 Nc6 8. Qd3 e5 9. dxe5 dxe5 10. Qxd8 Rxd8 11. Bg5 e4 12. Ne1 h6 13. Bxf6 Bxf6 14. Nd5 Bxb2 15. Nxc7 Bxa1 16. Nxa8 Be5 17. f4 Bb8 18. Nc2 Be6 19. Ne3 Rd2 20. Rb1 b6 21. Bf1 Bd6 22. Nd5 Bxd5 23. cxd5 Nd4 24. e3 Nf3+ 0-1


[Site "https://www.chess.com"]

[Event "Titled Tuesday Blitz August 08 Early 2023"]
[White "Rietze, Clemens, Dr."]
[Black "Feliz Dotel, Dewar Bienvenido"]
[WhiteFideId "24620351"]
[BlackFideId "6402801"]
[WhiteElo "2389"]
[BlackElo "2188"]
[Result "1/2-1/2"]
[Round "11"]
[TimeControl "180+1"]
[Date "2023.08.08"]
[WhiteClock "0:00:25"]
[BlackClock "0:00:17"]
[Board "134"]

1. d4 d5 2. c4 e6 3. Nf3 c5 4. cxd5 exd5 5. g3 Nc6 6. Bg2 Nf6 7. O-O Be7 8. Nc3 O-O 9. Bg5 c4 10. Ne5 Be6 11. e3 h6 12. Bxf6 Bxf6 13. f4 Bxe5 14. dxe5 Qb6 15. f5 Qxe3+ 16. Kh1 Bd7 17. e6 fxe6 18. Re1 Qd4 19. fxe6 Be8 20. Bxd5 Rf2 21. Re2 Qxd1+ 22. Rxd1 Rxe2 23. Nxe2 Ne7 24. Bxc4 Bc6+ 25. Kg1 Kf8 26. Rf1+ Ke8 27. Rf7 Rd8 28. Rxg7 Bd5 29. Bb5+ Bc6 30. Bxc6+ bxc6 31. Rh7 Ng6 32. Rxh6 Nf8 33. e7 Kxe7 34. Rxc6 Rd2 35. Kf2 Rxb2 36. Rc7+ Nd7 37. Rxa7 Ke6 38. Kf3 Ne5+ 39. Ke3 Ng4+ 40. Kd3 Ne5+ 41. Kd4 Rxe2 42. Ra6+ Kf5 43. Ra5 Rd2+ 44. Ke3 Rxh2 45. g4+ Kxg4 46. Rxe5 Rxa2 47. Re4+ Kg5 48. Kd4 Kf6 49. Rf4+ Ke6 50. Rf1 Ra4+ 51. Ke3 Rb4 52. Kd2 Kd6 53. Kc3 Rb5 54. Rd1+ Kc6 55. Rg1 Rc5+ 56. Kd4 Rd5+ 57. Ke4 Rd6 58. Rg5 Re6+ 59. Kd4 Rd6+ 60. Kc4 Re6 61. Rc5+ Kd6 62. Ra5 Re4+ 63. Kd3 Re5 64. Ra6+ Kc5 65. Ra8 Kd6 66. Kd4 Rd5+ 67. Kc4 Rc5+ 68. Kb4 Rd5 69. Rd8+ Ke5 70. Rh8 Kd6 71. Kc4 Rc5+ 72. Kd4 Rd5+ 73. Ke4 Re5+ 74. Kf4 Re6 75. Rh7 Re7 76. Rh1 Rf7+ 77. Ke4 Re7+ 78. Kd4 Re6 79. Ra1 Ke7 80. Kd5 Rd6+ 81. Ke5 Re6+ 82. Kf5 Rf6+ 83. Kg5 Rd6 84. Rh1 Ke6 85. Kf4 Rd5 86. Rh6+ Kd7 87. Rh7+ Kc6 88. Ke4 Rd1 89. Rh6+ Kc5 90. Ke3 Rd6 91. Rh5+ Kc6 92. Ra5 Rd5 93. Ra8 Kb7 94. Rh8 Kb6 95. Ke4 Rd1 96. Rh6+ Kb5 1/2-1/2


[Site "https://www.chess.com"]

[Event "Titled Tuesday Blitz August 08 Early 2023"]
[White "Polaczek, Richard"]
[Black "Tarnowska, Aleksandra"]
[WhiteFideId "200026"]
[BlackFideId "1180967"]
[WhiteElo "2382"]
[BlackElo "2187"]
[Result "0-1"]
[Round "11"]
[TimeControl "180+1"]
[Date "2023.08.08"]
[WhiteClock "0:00:00"]
[BlackClock "0:00:03"]
[Board "135"]

1. d4 d5 2. c4 e6 3. Nc3 Nf6 4. cxd5 exd5 5. Bg5 Be7 6. e3 O-O 7. Bd3 h6 8. Bh4 b6 9. Nge2 Bb7 10. O-O Nbd7 11. f3 c5 12. Qd2 cxd4 13. exd4 Nh5 14. Bxe7 Qxe7 15. Rfe1 Qh4 16. g3 Qd8 17. Nf4 Nxf4 18. Qxf4 Qf6 19. Qxf6 Nxf6 20. Re7 Rab8 21. Nb5 a5 22. Rc1 Ba6 23. Bf1 Bxb5 24. Bxb5 Rbc8 25. Rec7 Rxc7 26. Rxc7 Rb8 27. Kf2 Kf8 28. g4 Ne8 29. Bxe8 Kxe8 30. Ke3 g6 31. Kf4 Kf8 32. h4 Kg7 33. Rc6 Rb7 34. Ke5 Rd7 35. Rd6 Re7+ 36. Kxd5 Re2 37. Rxb6 Rf2 38. Ke4 Re2+ 39. Kd3 Rf2 40. Ke3 Rh2 41. Rb5 a4 42. a3 Rxh4 43. Rb4 Rh2 44. d5 Kf8 45. d6 Ke8 46. Kd4 Kd7 47. Kc5 Rc2+ 48. Kb5 Kxd6 49. Kxa4 h5 50. gxh5 gxh5 51. Kb3 Rf2 52. Rh4 Rxf3+ 53. Kb4 Rf5 54. a4 Rg5 55. Ka3 Kc6 56. b3 Kb6 57. Rf4 f5 58. Kb2 Kc5 59. Rc4+ Kd5 60. Rb4 Rg4 61. Rb5+ Ke6 62. a5 h4 63. Rb6+ Kd7 64. Rb7+ Kc6 65. Rh7 Rg2+ 66. Ka3 Rg4 0-1


[Site "https://www.chess.com"]

[Event "Titled Tuesday Blitz August 08 Early 2023"]
[White "Nosacheva, Mariya"]
[Black "Butti, Enrique"]
[WhiteFideId "34111422"]
[BlackFideId "3700470"]
[WhiteElo "2382"]
[BlackElo "2182"]
[Result "0-1"]
[Round "11"]
[TimeControl "180+1"]
[Date "2023.08.08"]
[WhiteClock "0:00:53"]
[BlackClock "0:01:08"]
[Board "136"]

1. e4 c5 2. Nf3 d6 3. d4 cxd4 4. Nxd4 Nf6 5. Nc3 a6 6. g3 e5 7. Nb3 b5 8. a4 b4 9. Nd5 Bb7 10. Bg5 Nbd7 11. Bg2 Bxd5 12. exd5 Be7 13. O-O Rc8 14. h4 Qc7 15. Rc1 O-O 16. Qd2 Qb7 17. Na5 Qb6 18. Nc6 Rfe8 19. Qxb4 Rxc6 20. dxc6 Qxb4 21. cxd7 Nxd7 22. Bxe7 Rxe7 23. Rfd1 Qxb2 24. Rb1 Qc3 25. Rxd6 g6 26. Rb7 Qe1+ 27. Kh2 Qxf2 28. Rdxd7 Rxd7 29. Rxd7 e4 30. Rd1 e3 31. Rf1 Qd2 32. Kg1 0-1


[Site "https://www.chess.com"]

[Event "Titled Tuesday Blitz August 08 Early 2023"]
[White "Mitrovic, Darko R"]
[Black "Ventura Bolet, Maxim"]
[WhiteFideId "927023"]
[BlackFideId "22238824"]
[WhiteElo "2175"]
[BlackElo "2376"]
[Result "0-1"]
[Round "11"]
[TimeControl "180+1"]
[Date "2023.08.08"]
[WhiteClock "0:00:00"]
[BlackClock "0:00:17"]
[Board "137"]

1. d4 Nf6 2. Nf3 g6 3. g3 Bg7 4. Bg2 O-O 5. O-O d6 6. c4 Nbd7 7. Nc3 e5 8. e4 exd4 9. Nxd4 Re8 10. f3 Nc5 11. Be3 Nfd7 12. Qd2 Ne5 13. b3 a5 14. h3 Bd7 15. f4 Ned3 16. g4 f5 17. exf5 gxf5 18. g5 c6 19. Nc2 Nb4 20. Rae1 Nxc2 21. Qxc2 Rxe3 22. Rxe3 Bd4 23. Qd2 Ne6 24. Kh2 Bxe3 25. Qxe3 Qc7 26. Re1 d5 27. Ne2 d4 0-1


[Site "https://www.chess.com"]

[Event "Titled Tuesday Blitz August 08 Early 2023"]
[White "Golubev, Mikhail"]
[Black "Gauravthegm"]
[WhiteFideId "14100983"]
[WhiteElo "2608"]
[BlackElo "2350"]
[Result "1-0"]
[Round "11"]
[TimeControl "180+1"]
[Date "2023.08.08"]
[WhiteClock "0:00:10"]
[BlackClock "0:00:03"]
[Board "138"]

1. d4 Nf6 2. c4 c5 3. Nf3 cxd4 4. Nxd4 Nc6 5. Nc3 g6 6. g3 Bg7 7. Bg2 O-O 8. O-O Qb6 9. Nb3 d6 10. Be3 Qc7 11. Nd5 Nxd5 12. cxd5 Ne5 13. Rc1 Qd8 14. Bd4 Bf5 15. h3 h5 16. e4 Bc8 17. f4 Nd7 18. Bxg7 Kxg7 19. Qd4+ Kg8 20. Kh2 Qb6 21. Qd2 a5 22. Nd4 Nc5 23. f5 Bd7 24. fxg6 fxg6 25. Qh6 Qxb2 26. Qxg6+ Kh8 27. Qxh5+ Kg8 28. Qg5+ Kh8 29. Qxe7 Rxf1 30. Rxf1 Qxd4 31. Rf6 Qe3 32. Qxd6 Nxe4 33. Rh6+ Kg7 34. Qg6+ Kf8 35. Rh8+ Ke7 36. Rxa8 Bf5 37. Qg7+ Kd6 38. Rd8+ Kc5 39. Qc7+ Kb4 40. Qf4 Qe2 41. Qxf5 Nd2 42. Qf4+ Kc3 43. h4 Kb2 44. Qf6+ Ka3 45. Qf4 Nf1+ 46. Kh3 Qe7 47. Qxf1 Qxd8 48. Qf3+ Kb4 49. Qe4+ Kc5 50. Kh2 Qd7 51. Bf3 a4 52. h5 Qb5 53. Kg2 Qb2+ 54. Kh3 Qxa2 55. h6 Qa1 56. h7 Qg7 57. Kg2 a3 58. Be2 a2 59. Qc4+ Kd6 60. Qxa2 Qe5 61. Qa3+ Kxd5 62. Qf3+ Kd4 63. Qf4+ Qxf4 64. gxf4 Ke3 65. h8=Q Kxe2 66. Qe5+ Kd3 67. Qb5+ Kd4 68. Qxb7 1-0


[Site "https://www.chess.com"]

[Event "Titled Tuesday Blitz August 08 Early 2023"]
[White "Kazakov, Mikhail"]
[Black "Haukenfrers, Dale"]
[WhiteFideId "14102749"]
[BlackFideId "2603780"]
[WhiteElo "2383"]
[BlackElo "2148"]
[Result "1-0"]
[Round "11"]
[TimeControl "180+1"]
[Date "2023.08.08"]
[WhiteClock "0:00:06"]
[BlackClock "0:00:45"]
[Board "139"]

1. e4 d6 2. d4 g6 3. c4 c6 4. Nc3 Bg7 5. Nf3 Bg4 6. Be2 Qb6 7. Ng1 Bc8 8. Nf3 Na6 9. h3 Nf6 10. O-O O-O 11. a3 Nd7 12. b4 c5 13. bxc5 dxc5 14. Rb1 Qc7 15. Nd5 Qd8 16. Bg5 f6 17. Bf4 e5 18. dxe5 fxe5 19. Bg5 Nf6 20. Bxf6 Bxf6 21. Ne1 Bg5 22. Nd3 Qe8 23. Qe1 Be6 24. Rxb7 Bxd5 25. cxd5 c4 26. Nb4 Nc5 27. Rc7 Nxe4 28. Bxc4 Nd6 29. Bb3 Qb5 30. Rc6 Bf4 31. Rxd6 e4 32. Re6 a5 33. d6 Kg7 34. Rxe4 axb4 35. axb4 Ra3 36. Qc3+ Kh6 37. Qb2 Bh2+ 38. Kxh2 Qxf1 39. Qxa3 Rxf2 40. Rg4 Qd3 41. Qa8 Qxd6+ 42. Kg1 Rb2 43. Qf3 Qb6+ 44. Kh2 Rb1 45. Rh4+ Kg5 46. Qf4# 1-0


[Site "https://www.chess.com"]

[Event "Titled Tuesday Blitz August 08 Early 2023"]
[White "Gueci, Tea"]
[Black "Tqebuchava, Zurab"]
[WhiteFideId "872342"]
[BlackFideId "13601113"]
[WhiteElo "2375"]
[BlackElo "2260"]
[Result "0-1"]
[Round "11"]
[TimeControl "180+1"]
[Date "2023.08.08"]
[WhiteClock "0:00:02"]
[BlackClock "0:00:02"]
[Board "140"]

1. e4 d6 2. d4 g6 3. Nc3 Bg7 4. Nf3 Bg4 5. Be2 Bxf3 6. Bxf3 Nd7 7. O-O e5 8. dxe5 dxe5 9. Be3 Ngf6 10. Qd2 O-O 11. Rad1 c6 12. Qd6 Re8 13. Bg5 Bf8 14. Qd2 Qc7 15. h4 Rad8 16. Qc1 h5 17. Be2 Be7 18. a3 Nc5 19. Qe3 Ne6 20. Bc4 Nxg5 21. Qxg5 Kg7 22. Qg3 Bc5 23. Qf3 Ng4 24. b4 Bb6 25. Rd3 Rxd3 26. cxd3 Qe7 27. Nd1 Rf8 28. g3 Qd6 29. Ne3 Bxe3 30. fxe3 Qe7 31. Qe2 Qd6 32. Rf3 Qe7 33. Qf1 f6 34. Qe2 Qd6 35. Rf1 Qe7 36. Rc1 Rd8 37. Qc2 Rf8 38. Qe2 Qd6 39. Rd1 Qe7 40. d4 exd4 41. exd4 Qd6 42. Qf3 Re8 43. e5 fxe5 44. Qf7+ Kh6 45. Re1 Rf8 46. Qxb7 exd4 47. Kh1 Qxg3 48. Rg1 Qh2# 0-1


[Site "https://www.chess.com"]

[Event "Titled Tuesday Blitz August 08 Early 2023"]
[White "Kohler, Aran"]
[Black "Kanyamarala, Trisha"]
[WhiteFideId "1002856"]
[BlackFideId "45004722"]
[WhiteElo "2256"]
[BlackElo "2356"]
[Result "0-1"]
[Round "11"]
[TimeControl "180+1"]
[Date "2023.08.08"]
[WhiteClock "0:00:20"]
[BlackClock "0:01:24"]
[Board "141"]

1. d4 Nf6 2. c3 d5 3. Bg5 e6 4. Nd2 c5 5. e3 Nc6 6. f4 Be7 7. Bd3 h6 8. Bh4 cxd4 9. exd4 Qc7 10. Nh3 Ne4 11. Bxe7 Qxe7 12. Bxe4 dxe4 13. Nxe4 Qh4+ 14. Nef2 O-O 15. O-O b6 16. Qg4 Qe7 17. Rae1 f5 18. Qe2 Qd6 19. Nd3 Ba6 20. Rf3 Rfe8 21. Nhf2 Rad8 22. Re3 Bc8 23. Ne5 Nxe5 24. Rxe5 Re7 25. g4 fxg4 26. Qxg4 Rf8 27. Ne4 Qc6 28. Re2 Qc4 29. b3 Qd3 30. Kf2 Ref7 31. Qg3 Rxf4+ 32. Ke1 Rf1# 0-1


[Site "https://www.chess.com"]

[Event "Titled Tuesday Blitz August 08 Early 2023"]
[White "Shapiro, Daniel"]
[Black "Pumpkin_in_moonlight"]
[WhiteFideId "2001780"]
[WhiteElo "2344"]
[BlackElo "2252"]
[Result "0-1"]
[Round "11"]
[TimeControl "180+1"]
[Date "2023.08.08"]
[WhiteClock "0:00:05"]
[BlackClock "0:00:30"]
[Board "142"]

1. d4 d5 2. c4 e6 3. Nf3 c6 4. Qc2 Nf6 5. g3 dxc4 6. Qxc4 b5 7. Qc2 Bb7 8. Bg2 Nbd7 9. Nbd2 c5 10. O-O Rc8 11. Qb3 Qb6 12. a4 a6 13. axb5 axb5 14. dxc5 Bxc5 15. e3 Bd5 16. Qd1 O-O 17. Qe2 Ne4 18. Nxe4 Bxe4 19. Nd2 Bxg2 20. Kxg2 Rfd8 21. Nb3 Be7 22. e4 Ne5 23. Be3 Qb7 24. f3 Rd3 25. Nd2 Rc2 26. f4 Qxe4+ 27. Nxe4 Rxe2+ 28. Rf2 Rdxe3 29. Ra8+ Bf8 30. fxe5 Rxe4 31. Kf1 Rxf2+ 32. Kxf2 Rb4 33. Ke3 Rxb2 0-1


[Site "https://www.chess.com"]

[Event "Titled Tuesday Blitz August 08 Early 2023"]
[White "Nithyalakshmi, Sivanesan"]
[Black "Vaglio Munoz, Jaime"]
[WhiteFideId "5706955"]
[BlackFideId "6500145"]
[WhiteElo "2335"]
[BlackElo "2240"]
[Result "1-0"]
[Round "11"]
[TimeControl "180+1"]
[Date "2023.08.08"]
[WhiteClock "0:00:17"]
[BlackClock "0:00:00"]
[Board "143"]

1. e4 c5 2. Nc3 Qa5 3. f4 a6 4. Nf3 b5 5. g3 Bb7 6. d3 b4 7. Nb1 e6 8. Bg2 d5 9. e5 h5 10. O-O g6 11. Ng5 Be7 12. Bd2 Qc7 13. Nf3 Nh6 14. Qe1 Nf5 15. c3 a5 16. a3 bxc3 17. bxc3 Ba6 18. Qe2 Nc6 19. a4 Rb8 20. Na3 d4 21. c4 Nb4 22. Nb5 Qd7 23. Rfc1 Kf8 24. Ne1 Kg7 25. Nc2 Bb7 26. Nxb4 axb4 27. Be4 Nh6 28. h3 Nf5 29. Kf2 h4 30. g4 Ng3 31. Qf3 Bxe4 32. dxe4 Qc6 33. Re1 Rhd8 34. f5 gxf5 35. gxf5 exf5 36. exf5 Qxf3+ 37. Kxf3 f6 38. Kg4 fxe5 39. Rxe5 Bf6 40. Re6 Rg8 41. Nd6 b3 42. Rb1 b2 43. Kf3 Rgd8 44. Nb5 Nxf5 45. Rxb2 Kf7 46. Ra6 d3 47. Rb1 Nd4+ 48. Ke4 Re8+ 49. Kxd3 Rbd8 50. Nd6+ Kg6 51. Rg1+ 1-0


[Site "https://www.chess.com"]

[Event "Titled Tuesday Blitz August 08 Early 2023"]
[White "Konenkin, Dmitry"]
[Black "Thiel, Thomas"]
[WhiteFideId "4185781"]
[BlackFideId "4615964"]
[WhiteElo "2297"]
[BlackElo "2205"]
[Result "1/2-1/2"]
[Round "11"]
[TimeControl "180+1"]
[Date "2023.08.08"]
[WhiteClock "0:00:45"]
[BlackClock "0:00:29"]
[Board "144"]

1. d4 d5 2. Bg5 f6 3. Bh4 Nh6 4. e3 Nf5 5. Bd3 Nxh4 6. Qh5+ g6 7. Qxh4 Bg7 8. f4 e5 9. fxe5 fxe5 10. Qxd8+ Kxd8 11. c3 c5 12. dxe5 Bxe5 13. Nf3 Bg7 14. O-O Rf8 15. Nbd2 Nc6 16. Rad1 Be6 17. Ng5 Rxf1+ 18. Nxf1 Bg8 19. Bc4 Ne7 20. e4 Kc7 21. exd5 Nf5 22. Ne6+ Bxe6 23. dxe6 Rd8 24. Rxd8 Kxd8 25. Bd5 b6 26. Kf2 Ke7 27. Ne3 Nxe3 28. Kxe3 Kd6 29. Ke4 Bh6 30. b3 Bd2 31. c4 Bc3 32. h3 Bd2 33. Kf3 Bc1 34. Kg4 Ke7 35. h4 Kf6 36. h5 gxh5+ 37. Kxh5 Bd2 38. a4 h6 39. Kg4 a5 40. Kf3 Bc3 41. Ke4 Bb2 42. Kf3 Bc3 43. Kg4 Bb2 44. Kh5 Bc1 45. g3 Bd2 46. g4 Bc1 47. Kh4 Bd2 48. Kg3 Bc1 49. Kf3 Bd2 50. Ke4 Bc1 51. Kd3 Bg5 52. Ke2 Ke7 53. Kf3 Kf6 54. Ke4 Bc1 55. Kf3 Bg5 56. Kg3 Ke7 57. Kf3 Kf6 1/2-1/2


[Site "https://www.chess.com"]

[Event "Titled Tuesday Blitz August 08 Early 2023"]
[White "Kuchava, Ana"]
[Black "Goswami, Vedant"]
[WhiteFideId "13605348"]
[BlackFideId "5003725"]
[WhiteElo "2173"]
[BlackElo "2293"]
[Result "0-1"]
[Round "11"]
[TimeControl "180+1"]
[Date "2023.08.08"]
[WhiteClock "0:00:02"]
[BlackClock "0:00:44"]
[Board "145"]

1. d4 a6 2. c4 c6 3. Nc3 d5 4. e3 g6 5. Bd3 Bg7 6. Nf3 Nf6 7. O-O O-O 8. h3 c5 9. Qe2 Nc6 10. Rd1 dxc4 11. Bxc4 cxd4 12. exd4 e6 13. Bg5 Qa5 14. Qe3 Nd5 15. Nxd5 exd5 16. Bb3 Be6 17. Bh6 Rfe8 18. Qf4 Qd8 19. Bxg7 Kxg7 20. Rac1 Qf6 21. Qc7 Re7 22. Qb6 Bxh3 23. Bxd5 Bg4 24. Bxc6 bxc6 25. Qxc6 Qxc6 26. Rxc6 Bxf3 27. gxf3 Re2 28. Rb6 Rd8 29. d5 a5 30. Kf1 Rc2 31. Rb5 a4 32. a3 h5 33. Rd4 Re8 34. Re4 Rec8 35. Rxa4 Rd2 36. d6 Rcc2 37. Rb6 Rxf2+ 38. Ke1 Rfe2+ 39. Kf1 Red2 40. Ke1 Rh2 41. Kd1 Rcf2 42. Re4 Rd2+ 43. Ke1 h4 44. a4 h3 45. a5 Rhg2 46. Kf1 h2 47. Rh4 Rg1# 0-1


[Site "https://www.chess.com"]

[Event "Titled Tuesday Blitz August 08 Early 2023"]
[White "Tharushi, T H D Niklesha"]
[Black "Player, Edmund C"]
[WhiteFideId "9918264"]
[BlackFideId "406520"]
[WhiteElo "2075"]
[BlackElo "2291"]
[Result "1/2-1/2"]
[Round "11"]
[TimeControl "180+1"]
[Date "2023.08.08"]
[WhiteClock "0:00:09"]
[BlackClock "0:00:04"]
[Board "146"]

1. d4 Nf6 2. c4 e6 3. g3 d5 4. Nf3 Bb4+ 5. Bd2 a5 6. Bg2 O-O 7. O-O Be7 8. Qc2 c6 9. a3 Nbd7 10. Bc3 Ne4 11. b3 f5 12. Nbd2 Bf6 13. e3 b5 14. cxb5 cxb5 15. Bb2 Bb7 16. Rfc1 Rc8 17. Qd3 Qb6 18. b4 a4 19. Ne1 Qa6 20. Bf1 Nxd2 21. Qxd2 Nb6 22. Nd3 Nc4 23. Qe2 Qb6 24. Nc5 Rce8 25. Nd7 Qd6 26. Nxf8 Rxf8 27. Bc3 g5 28. Qh5 Bc6 29. Bd3 Be8 30. Qe2 h5 31. f3 Rf7 32. Rf1 h4 33. f4 g4 34. Qf2 h3 35. Qe2 Rc7 36. Rfc1 Qd8 37. Ra2 Qc8 38. Raa1 Bc6 39. Rab1 Bb7 40. Ra1 Bc6 41. Kf2 Bb7 42. Kg1 Kf7 43. Kf2 Nd6 44. Bb2 Nc4 45. Bc3 Be7 46. Kg1 Bd6 47. Kf2 Ba8 48. Kg1 Rc6 49. Kf2 Nb6 50. Bb2 Nc4 51. Bc3 Qd7 52. Kg1 Qb7 53. Kf2 Bf8 54. Kg1 Qc7 55. Kf2 Nd6 56. Bb2 Nc4 57. Bc3 Qc8 58. Kg1 Bd6 59. Kf2 1/2-1/2


[Site "https://www.chess.com"]

[Event "Titled Tuesday Blitz August 08 Early 2023"]
[White "Vedder, Richard"]
[Black "Samaganova, Aleksandra"]
[WhiteFideId "1004166"]
[BlackFideId "13800221"]
[WhiteElo "2392"]
[BlackElo "2237"]
[Result "1/2-1/2"]
[Round "11"]
[TimeControl "180+1"]
[Date "2023.08.08"]
[WhiteClock "0:01:09"]
[BlackClock "0:00:07"]
[Board "147"]

1. d4 Nf6 2. c4 e6 3. Nc3 Bb4 4. f3 c5 5. a3 Bxc3+ 6. bxc3 cxd4 7. cxd4 d5 8. e3 O-O 9. Bd2 Nc6 10. cxd5 Nxd5 11. Bd3 g6 12. Ne2 Re8 13. O-O a6 14. e4 Nde7 15. Be3 b5 16. Qc2 Bb7 17. Rac1 Rc8 18. Qa2 Na5 19. Rxc8 Qxc8 20. Rc1 Qd7 21. Qd2 Nac6 22. Bb1 Qd6 23. Qb2 Na5 24. Bh6 f6 25. Ba2 Rc8 26. h4 Rxc1+ 27. Qxc1 Qb6 28. h5 Kf7 29. hxg6+ Nxg6 30. Be3 Qd6 31. Qc3 Nc6 32. d5 exd5 33. Bxd5+ Kg7 34. Nd4 Nxd4 35. Bxd4 Bxd5 36. exd5 Ne5 37. Bxe5 Qxe5 38. Qd2 Qd6 39. Qd3 Kf7 40. Kf2 Kg7 41. g4 Qb6+ 42. Kg3 Qd6+ 43. f4 h6 44. Qf3 a5 45. Kh4 b4 46. axb4 Qxb4 47. Qe3 Qd6 48. Qa7+ Kg8 49. Qxa5 Qxf4 50. Qd8+ Kg7 51. Qe7+ Kg8 52. Qe8+ Kg7 53. Qe2 Qg5+ 54. Kh3 Qxd5 55. Qe7+ Kg8 56. Qe8+ Kg7 57. Qe7+ Qf7 58. Qe4 Qb3+ 59. Kh4 Qf7 60. Kh3 Qc7 61. Qf5 Qf7 62. Qf4 Qb3+ 63. Kh4 Qf7 64. Kh3 Qb7 65. Kh2 Qb2+ 66. Kh3 Qc3+ 67. Kh4 Qe1+ 68. Kh3 Qh1+ 69. Kg3 Qg1+ 70. Kh3 Qh1+ 71. Kg3 Qe1+ 72. Kh3 Qc3+ 73. Kh4 Qe1+ 74. Kh3 1/2-1/2


[Site "https://www.chess.com"]

[Event "Titled Tuesday Blitz August 08 Early 2023"]
[White "Davidson, Kevin"]
[Black "Schut, Han"]
[WhiteFideId "2056810"]
[BlackFideId "1005561"]
[WhiteElo "2358"]
[BlackElo "2231"]
[Result "1-0"]
[Round "11"]
[TimeControl "180+1"]
[Date "2023.08.08"]
[WhiteClock "0:01:01"]
[BlackClock "0:00:28"]
[Board "148"]

1. e4 c5 2. Nf3 d6 3. d4 cxd4 4. Nxd4 Nf6 5. Nc3 a6 6. h3 e6 7. g4 d5 8. exd5 Nxd5 9. Nde2 Bb4 10. Bg2 O-O 11. O-O Bxc3 12. Nxc3 Nxc3 13. bxc3 Qc7 14. Qf3 Nc6 15. Ba3 Rd8 16. Rfd1 e5 17. Rxd8+ Qxd8 18. Rd1 Qb6 19. Qe3 Qxe3 20. fxe3 Be6 21. Rb1 Na5 22. Bb4 Nc4 23. Bxb7 Ra7 24. Bc5 1-0


[Site "https://www.chess.com"]

[Event "Titled Tuesday Blitz August 08 Early 2023"]
[White "Sarkar, Justin"]
[Black "Ai, Evan"]
[WhiteFideId "2010011"]
[BlackFideId "2094770"]
[WhiteElo "2229"]
[BlackElo "2315"]
[Result "0-1"]
[Round "11"]
[TimeControl "180+1"]
[Date "2023.08.08"]
[WhiteClock "0:00:00"]
[BlackClock "0:00:06"]
[Board "149"]

1. d4 Nf6 2. c4 e6 3. Nc3 d5 4. Bg5 Be7 5. e3 b6 6. cxd5 exd5 7. Bb5+ Bd7 8. Bd3 Be6 9. Nge2 Nbd7 10. Nf4 c5 11. O-O h6 12. Nxe6 fxe6 13. Bg6+ Kf8 14. Bf4 Kg8 15. e4 cxd4 16. Qxd4 Bc5 17. Qd3 e5 18. Bg3 Nf8 19. exd5 Bd6 20. Nb5 h5 21. Rfe1 Rh6 22. Bf5 Bb4 23. Rxe5 h4 24. Bf4 Rh5 25. d6 a6 26. Qc4+ Kh8 27. Qxb4 axb5 28. Rae1 Ra4 29. Qd2 g6 30. Bc2 Rxe5 31. Bxe5 Nd7 32. Qh6+ Kg8 33. Qxg6+ Kf8 34. Bxf6 Qxf6 35. Qxf6+ Nxf6 0-1


[Site "https://www.chess.com"]

[Event "Titled Tuesday Blitz August 08 Early 2023"]
[White "Stachanczyk, Jacek"]
[Black "EvgenyBurmakin"]
[WhiteFideId "1116657"]
[WhiteElo "2315"]
[BlackElo "2228"]
[Result "1-0"]
[Round "11"]
[TimeControl "180+1"]
[Date "2023.08.08"]
[WhiteClock "0:01:57"]
[BlackClock "0:00:00"]
[Board "150"]

1. c4 e5 2. g3 Nf6 3. Bg2 d5 4. cxd5 Nxd5 5. Nc3 Nb6 6. Nf3 Nc6 7. a3 Be7 8. b4 a6 9. O-O Be6 10. Bb2 Nc4 11. Bc1 Qd7 12. d3 Nd6 13. Bb2 h5 14. h4 O-O-O 15. a4 f6 16. b5 Nb8 17. Qc2 g5 18. bxa6 Nxa6 19. Rfb1 gxh4 20. Nxh4 f5 21. Ng6 Rhg8 22. Nxe5 Qe8 23. Ba3 c6 24. Nb5 Nxb5 25. axb5 Nc7 26. bxc6 Bd5 27. cxb7+ Kb8 28. Bxe7 Qxe7 29. Ra8+ Nxa8 30. bxa8=Q+ Kxa8 31. Qa2+ Qa7 32. Bxd5+ Rxd5 33. Qxd5+ 1-0


[Site "https://www.chess.com"]

[Event "Titled Tuesday Blitz August 08 Early 2023"]
[White "Kula, Robert"]
[Black "amanjazu"]
[WhiteFideId "1101218"]
[WhiteElo "2225"]
[BlackElo "2314"]
[Result "0-1"]
[Round "11"]
[TimeControl "180+1"]
[Date "2023.08.08"]
[WhiteClock "0:00:24"]
[BlackClock "0:00:17"]
[Board "151"]

1. d4 f5 2. Bg5 Nf6 3. Bxf6 exf6 4. e3 g6 5. Bd3 Bh6 6. h4 O-O 7. h5 Kg7 8. hxg6 hxg6 9. c4 d5 10. Nc3 dxc4 11. Bxc4 f4 12. e4 Nc6 13. Nge2 f5 14. e5 Qg5 15. Rh2 Rd8 16. Nd5 Be6 17. Nec3 Bxd5 18. Bxd5 f3 19. g3 Nxe5 20. dxe5 c6 21. Qb3 cxd5 22. Qxb7+ Kh8 23. Rd1 f4 24. g4 Qxe5+ 25. Kf1 Qg7 26. Qxg7+ Kxg7 27. Rxd5 Rxd5 28. Nxd5 Rd8 29. Nc3 Rd2 30. Ke1 Rxb2 31. Ne4 Re2+ 32. Kd1 Rxe4 33. Kd2 Bg5 34. Kd3 Re2 35. a4 a5 36. Kc4 Bd8 37. Kb5 g5 38. Kc6 Kg6 39. Kd7 Bb6 40. Kc6 Bxf2 41. Rh8 Bh4 42. Rg8+ Kh7 43. Ra8 f2 44. Ra7+ Kh6 45. Rxa5 f1=Q 46. Ra6 Re6+ 47. Kd7 Qxa6 48. a5 Qc6+ 49. Kd8 Re8# 0-1


[Site "https://www.chess.com"]